AoeStats
← TotillaTheHun

Four Lakes

509445199Analyzed
1v1 RM · 4d ago on Sep 26, 2026· 19m 48s· 2 players
Game mode
Random Map
Map size
Tiny (2 player)
Population
200
Speed
Normal
Resources
Standard
Victory
Conquest
Starting age
Dark Age
Ending age
Imperial Age
RankedLock teamsTeams togetherTeam positionsShared explorationLock speedFull tech treeHidden civsTurbo modeCheats
Victory
Defeat
🇺🇸 Danes · United States
1218
+14
🇺🇸 Byzantines · United States
1181
-14
wilsonj99
7:32 Loom
10:58 Feudal Age
16:47 Fishing Lines
TotillaTheHun
10:43 Feudal Age
12:35 Loom
12:37 Town Watch
13:29 Wheelbarrow
14:13 Bloodlines
13:50 Double-Bit Axe
16:17 Fishing Lines
19:21 Castle Age
Connection lost

Rejoining the realm…

Still unreachable

The connection could not be restored.

Session expired

The server has moved on; the page needs a fresh start.